 BcadrenCrawl: Boulder Brew version 0.04.2-2-g535c4548b4 (webtiles) character file.

Game seed: 8078814872821235674, levelgen mode: deterministic

8879 diana the Warrior (level 10, -5/117 HPs) Blood Draconian Demigod. Began on Apr 24, 2021. Slain by a cyan ugly thing (13 damage) ... on level 5 of the Dungeon. The game lasted 00:20:26 (8087 turns).

diana the Warrior (Blood Draconian Demigod)         Turns: 8087, Time: 00:20:27

Health: -5/117     AC:  8    Str: 28    XL:     10 ^: 364
Magic:  13/13      EV: 13    Int: 15    God:
Gold:   302        SH:  0    Dex: 13    Spells: 10/11 levels left

rFire    . . .     Vision   .   t - +0 whip
rCold    . . .     Gourm    .     - Unarmed
rNeg     . . .     Faith    .   (armour unavailable)
rPois    .         Spirit   .   (helmet restricted)
rElec    .         Reflect  .   (no cloak)
rCorr    .         Harm     .   (no gloves)
MR       .....                  (no boots)
Stlth    ++........             (no amulet)
HPRegen  0.49/turn              a - ring of strength
MPRegen  0.23/turn              (no ring)

@: no status effects
A: no body armour, unfitting armour, high mp 1, cold-blooded, boosted whips and
flails aptitude, necromancy, hexes and air enhancers 1, rTorm, rHellfire, AC +8
a: Breathe Vampiric Fog


You were on level 5 of the Dungeon.
You were hungry.

You visited 1 branch of the dungeon, and saw 6 of its levels.

You collected 442 gold pieces.
You spent 140 gold pieces at shops.

Inventory:

Weapons
 t - a +0 whip (weapon)
Jewellery
 a - a ring of strength (left hand)
 r - an uncursed amulet of chaos
Wands
 m - a wand of acid (9)
 q - a wand of enslavement (7)
 u - a wand of polymorph (1)
Scrolls
 c - 5 scrolls of teleportation
 i - 2 scrolls of enchantment
 j - 2 scrolls of magic mapping
 n - a scroll of bless item
Potions
 d - a potion of brilliance
 e - a potion of magic
 f - 2 potions of heal wounds
 g - a potion of haste
 h - 2 potions of berserk rage
 k - 2 potions of curing
 l - a potion of ambrosia
 o - a potion of cancellation
 p - a potion of resistance
Comestibles
 b - 13 rations


   Skills:
 - Level 16.0 Fighting
 + Level 7.3 Whips & Flails
 - Level 3.0 Dodging
 - Level 1.3 Stealth
 - Level 1.7 Unarmed Combat
 - Level 1.3 Spellcasting
 - Level 1.5 Fire Magic


You had 10 spell levels left.
You knew the following spells:

 Your Spells              Type           Power        Failure   Level  Hunger
a - Flame Tongue          Fire           5 (30)       13%         1    ##.....

Your spell library contained the following spells:

 Spells                   Type           Power        Failure   Level  Hunger
 Blink                    Tloc           N/A          34%         2    ###....
 Call Imp                 Summ           1 (100)      34%         2    ###....
 Slow                     Hex            1 (100)      34%         2    ###....
 Conjure Flame            Fire           5 (100)      36%         3    ####...
 Mephitic Cloud           Pois/Air       1 (100)      56%         3    ####...
 Bolt of Magma            Fire/Erth      3 (200)      99%         5    ######.
 Iskenderun's Battlesphe  Chrm/Erth      1 (100)      100%        5    ######.
 Iron Shot                Erth           1 (200)      100%        6    #######
 Iskenderun's Icy Sphere  Ice            1 (200)      100%        7    #######
 Spellforged Servitor     Summ           1 (200)      100%        7    #######


Dungeon Overview and Level Annotations

Branches:
Dungeon (6/8)              Temple (0/1) D:4            Lair (0/6) D:5
    Orc: D:6

Shops:
D:2 *   D:5 ?*:=}

Annotations:
D:5 2 transporters, t4s4d4r's ghost, journeyman GrEE


Innate Abilities, Weirdness & Mutations

You cannot fit into any form of body armour.
Your gory crimson scales are resilient. (AC +8)
You can breathe clouds of vampiric fog.
You have an increased reservoir of magic. (+10% MP)
You are cold-blooded and may be slowed by cold attacks.
You are naturally skilled at Whips & Flails (Aptitude +3).
You are in touch with the powers of death, curses and the sky.
Your gory crimson scales grant partial resistance to hellfire and unholy torment. (rTorm, rHellfire)


Message History

There is a stone staircase leading up here.
You feel much better.
The cyan ugly thing bites you but does no damage.
The cyan ugly thing bites you (2). The cyan ugly thing shocks you (17)!
* * * LOW HITPOINT WARNING * * *
You climb upwards.
Level annotation: 2 transporters, t4s4d4r's ghost, journeyman GrEE
There is a stone staircase leading down here.
The cyan ugly thing bites you (1).
* * * LOW HITPOINT WARNING * * *
The cyan ugly thing shocks you (13)!
* * * LOW HITPOINT WARNING * * *
You are feeling hungry.
Okay, then.
Evoke which item? (* to show all) (? for menu, Esc to quit)
Okay, then.
The cyan ugly thing bites you (9)!
* * * LOW HITPOINT WARNING * * *
The cyan ugly thing shocks you (13)!
You die...

#.#.###...........#..##
#.##>#.#######....#..#
#.###.............#..#
#.# ##########...##..# #
#.# ##.###..### #.#
#......... #.#
#####.##[#
#.################...##.
#>....u@................
##################...###
##...). ######


You could see a cyan ugly thing.

Vanquished Creatures
  A two-headed ogre (D:6)
  A hydra (D:6)
  A troll (D:5)
  A komodo dragon (D:5)
  A hornet (D:5)
  2 cyclopes (D:6)
  A steam dragon (D:6)
  2 hippogriffs (D:5)
  4 hogs (D:4)
  2 wyverns (D:6)
  A human (D:4)
  A hungry ghost (D:6)
  A slime creature (D:6)
  4 orc warriors
  4 scorpions
  A necrophage (D:5)
  A porcupine (D:5)
  2 ice beasts
  2 sky beasts (D:5)
  4 ogres
  A big kobold (D:2)
  3 bullfrogs
  A meliai zombie (D:4)
  2 centaurs
  7 howler monkeys
  20 killer bees (D:5)
  A hornet zombie (D:5)
  2 quasits
  5 wights
  An orc priest (D:3)
  4 hounds
  11 jellies
  3 orc wizards (D:4)
  A mummy (D:3)
  5 worker ants
  3 iguanas
  A wyvern zombie (D:4)
  A wyvern skeleton (D:4)
  5 giant cockroaches
  An iron imp (D:4)
  2 bullfrog zombies (D:4)
  5 bullfrog skeletons
  A shadow imp (D:4)
  5 adders
  33 sewer rats
  2 cinder newts (D:2)
  4 worms (D:2)
  A giant cockroach zombie (D:3)
  2 hound skeletons (D:3)
  9 oozes
  2 dart slugs (D:1)
  4 leopard geckos
  25 orcs
  6 adder skeletons
  2 adder zombies (D:3)
  5 ball pythons
  A cinder newt skeleton (D:2)
  4 hobgoblins (D:1)
  9 jackals
  7 kobolds
  A quokka (D:5)
  2 ball python skeletons
  4 bats
  6 goblins (D:1)
  A goblin skeleton (D:2)
  A hobgoblin skeleton (D:2)
  A jackal skeleton (D:3)
  3 leopard gecko skeletons (D:3)
  A leopard gecko zombie (D:3)
  4 quokka skeletons (D:3)
  8 rats
  A giant blowfly (D:2)
  A plant (D:5)
  3 withered plants (D:2)
281 creatures vanquished.

Vanquished Creatures (others)
  A plant (D:5)
  43 withered plants (D:2)
44 creatures vanquished.

Grand Total: 325 creatures vanquished

Notes
Turn   | Place    | Note
-------+----------+-------------------------------------------
     0 | D:1      | diana the Immature Draconian Demigod began the quest for
                  | the Orb.
     0 | D:1      | Reached XP level 1. HP: 18/18 MP: 3/3
    16 | D:1      | Reached skill level 2 in Fighting
    41 | D:1      | Reached XP level 2. HP: 27/27 MP: 4/4
   119 | D:1      | Reached skill level 3 in Fighting
   214 | D:1      | Reached XP level 3. HP: 34/34 MP: 5/5
   535 | D:1      | Reached skill level 4 in Fighting
   869 | D:2      | Reached XP level 4. HP: 31/45 MP: 6/6
   876 | D:1      | Reached skill level 5 in Fighting
   966 | D:2      | Reached XP level 5. HP: 33/55 MP: 7/7
   990 | D:1      | Reached skill level 6 in Fighting
  1312 | D:2      | Reached skill level 7 in Fighting
  1317 | D:2      | Reached XP level 6. HP: 65/66 MP: 8/8
  1661 | D:2      | Reached skill level 8 in Fighting
  1943 | D:2      | Found Zubec's Assorted Antiques.
  2003 | D:2      | Your scales start taking on a gory crimson colour.
  2003 | D:2      | Reached XP level 7. HP: 75/75 MP: 9/9
  2003 | D:2      | Gained mutation: Your gory crimson scales grant partial
                  | resistance to hellfire and unholy torment. (rTorm,
                  | rHellfire) [Blood Draconian growth]
  2003 | D:2      | Gained mutation: You are in touch with the powers of death,
                  | curses and the sky. [Blood Draconian growth]
  2227 | D:2      | Reached skill level 9 in Fighting
  2446 | D:2      | Found a sacrificial altar of Ru.
  3381 | D:3      | Found a snail-covered altar of Cheibriados.
  3382 | D:3      | Found a radiant altar of Vehumet.
  3461 | D:3      | Found an iron altar of Okawaru.
  3461 | D:3      | Found a glowing golden altar of the Shining One.
  3466 | D:3      | Found a white marble altar of Elyvilon.
  3471 | D:3      | Found a shimmering altar of Xom.
  3473 | D:3      | Found a shimmering blue altar of Sif Muna.
  4338 | D:3      | Reached skill level 10 in Fighting
  4687 | D:4      | Reached XP level 8. HP: 58/88 MP: 11/11
  4857 | D:4      | Reached skill level 11 in Fighting
  4920 | D:4      | Reached skill level 12 in Fighting
  5017 | D:4      | Reached skill level 13 in Fighting
  5021 | D:4      | Reached XP level 9. HP: 101/102 MP: 12/12
  5414 | D:4      | Found a staircase to the Ecumenical Temple.
  5583 | D:5      | Entered Level 5 of the Dungeon
  5597 | D:5      | Found Guun's Gadget Shop.
  5616 | D:5      | Reached skill level 14 in Fighting
  5617 | D:5      | Found a hide-covered altar of Uskayaw.
  5656 | D:5      | Found Jiwoes's Book Emporium.
  5727 | D:5      | Found a transporter.
  5734 | D:5      | Noticed a moth of wrath
  5736 | D:5      | Noticed t4s4d4r's ghost (journeyman GrEE)
  5737 | D:5      | Identified the -1 pair of gloves of Wariness {Dex+3}
  5944 | D:5      | Found a transporter.
  5984 | D:5      | Reached skill level 15 in Fighting
  6007 | D:5      | Found Vasa's Magic Scroll Shoppe.
  6014 | D:5      | Bought a scroll of teleportation for 42 gold pieces
  6014 | D:5      | Bought a scroll of fear for 49 gold pieces
  6014 | D:5      | Bought a scroll of magic mapping for 49 gold pieces
  6040 | D:5      | Gained mutation: You are naturally skilled at Whips &
                  | Flails (Aptitude +3). [draconic bloodline]
  6040 | D:5      | Reached XP level 10. HP: 71/116 MP: 13/13
  6593 | D:5      | Found Meat's Jewellery Shoppe.
  6627 | D:5      | Reached skill level 16 in Fighting
  6651 | D:5      | Found a staircase to the Lair.
  6668 | D:5      | Reached skill level 1 in Whips & Flails
  6718 | D:5      | Found Piluv's General Store.
  7415 | D:6      | Reached skill level 5 in Whips & Flails
  7597 | D:6      | Noticed a two-headed ogre
  7598 | D:6      | Noticed a four-headed hydra
  7608 | D:6      | Killed a two-headed ogre
  7612 | D:6      | Killed a four-headed hydra
  8087 | D:5      | Slain by a cyan ugly thing

Levels and vault maps discovered:
D:1:      saegor_arrival_simple_c, layout_basic, serial_park_tiny_2
D:2:      layout_sewer, kennysheep_mini_moat, first_ration, serial_shops,
          nicolae_shop_stone
D:3:      layout_basic, chequers_temple_overflow_minitemple,
          nicolae_overflow_hidden_temple, nicolae_ossuary_entry_catacombs
D:4:      layout_basic, minmay_temple_entry_hall, grunt_livestock
D:5:      layout_loops_ring, david_lair_shrubbed,
          gammafunk_ghost_berserking_beasts, serial_shops, shop,
          kennysheep_mini, shop, nicolae_shop_crystal, shop_statue, basic_altar
D:6:      layout_roguey, erik_orc_1

Skill      XL: |  1  2  3  4  5  6  7  8  9 10 |
---------------+-------------------------------+-----
Fighting       | 2 3 4 5 7 8 10 13 15 16 | 16.0
Whips & Flails | 7 |  7.3
Dodging        | 3 |  3.0
Stealth        | |  1.3
Unarmed Combat | |  1.7
Spellcasting   | |  1.3
Fire Magic     | |  1.5

Action                   |  1- 3 |  4- 6 |  7- 9 | 10-12 || total
-------------------------+-------+-------+-------+-------++-------
Melee: Unarmed           |    84 |   382 |   898 |   174 ||  1538
       Tailslap          |     6 |    38 |    98 |    53 ||   195
       Whip              |       |       |       |   139 ||   139
 Abil: Breathe Vampiric  |       |       |     3 |     3 ||     6
  Use: Scroll            |       |       |       |     1 ||     1
       Potion            |       |       |       |     1 ||     1
 Stab: Sleeping          |     2 |     2 |     3 |     2 ||     9
       Distracted        |       |       |     1 |       ||     1
  Eat: Chunk             |       |     4 |     9 |     9 ||    22
       Ration            |       |       |     2 |       ||     2
Armor: Skin              |     7 |    42 |    91 |    72 ||   212
Dodge: Dodged            |    23 |   177 |   167 |    78 ||   445
